AoeStats
← AVUKADO10

Arabia

505660734Analyzed
1v1 RM · 23d ago on Sep 10, 2026· 63m 0s· 2 players
Game mode
Random Map
Map size
Tiny (2 player)
Population
200
Speed
Normal
Resources
Standard
Victory
Conquest
Starting age
Dark Age
Ending age
Imperial Age
RankedLock teamsTeams togetherTeam positionsShared explorationLock speedFull tech treeHidden civsTurbo modeCheats
Victory
Defeat
🇹🇷 Tatars · Türkiye
942
+18
🇨🇳 Japanese · China
980
-18
AVUKADO10
9:56 Feudal Age
11:34 Man-at-Arms
23:15 Castle Age
21:40 Fletching
22:30 Padded Archer Armor
23:42 Elite Skirmisher
24:21 Bodkin Arrow
24:54 Leather Archer Armor
54:34 Imperial Age
57:48 Chemistry
59351599
7:18 Loom
9:33 Feudal Age
9:39 Man-at-Arms
17:17 Fletching
19:51 Padded Archer Armor
24:13 Castle Age
23:55 Stone Mining
26:34 Pikeman
32:59 Double-Bit Axe
38:47 Bow Saw
50:52 Bodkin Arrow
52:47 Horse Collar
54:52 Heavy Plow
59:51 Imperial Age
Connection lost

Rejoining the realm…

Still unreachable

The connection could not be restored.

Session expired

The server has moved on; the page needs a fresh start.